Map: King's Cove LE

Players

TLO

  • Race: Zerg Zerg
  • Spawn Location: 5:00

Elazer - Winner!

  • Race: Zerg Zerg
  • Spawn Location: 11:00

Event: 2019 WCS Summer

VOD

Have the link to the VOD?

Description

Time

  • Played on: July 13, 2019, 11:53 a.m.
  • Length: 6:58

All games in this series

Show
View Real Time Build Order
Export as new Build Order

TLO Zerg 

Build Orders: Hatch First 

Get SALT Encoding   

  12  0:00  Drone  
  13  0:13  Overlord  
  13  0:18  Drone  
  14  0:31  Drone x2  
  16  0:50  Hatchery  
  16  0:53  Drone  
  16  0:56  Drone  
  17  1:11  Spawning Pool  
  16  1:14  Drone  
  16  1:17  Drone  
  18  1:20  Extractor  
  18  1:22  Drone  
  18  1:29  Drone  
  19  1:39  Overlord  
  19  1:57  Queen  
  19  1:58  Zergling x2  
  22  2:01  Queen  
  22  2:04  Drone x2  
  26  2:13  Drone  
  27  2:16  Drone  
  27  2:21  Metabolic Boost  
  28  2:23  Drone  
  28  2:24  Drone  
  30  2:43  Hatchery  
  29  2:45  Drone  
  30  2:52  Baneling Nest  
  30  2:54  Zergling x2  
  30  2:55  Drone  
  30  2:58  Drone  
  32  3:01  Zergling x2  
  33  3:06  Overlord  
  33  3:09  Zergling x2  
  33  3:12  Drone  
  35  3:14  Drone  
  36  3:22  Overlord  
  36  3:27  Drone x2  
  36  3:28  Drone  
  36  3:32  Drone  
  40  3:35  Baneling x3  
  40  3:37  Drone  
  40  3:38  Drone  
  42  3:42  Queen  
  42  3:45  Drone  
  45  3:50  Drone  
  45  3:54  Drone  
  47  3:59  Zergling x2  
  47  4:01  Zergling x2  
  47  4:02  Evolution Chamber  
  47  4:03  Drone, Overlord  
  47  4:09  Lair  
  48  4:10  Zergling x4  
  48  4:13  Zergling x2  
  48  4:14  Zergling x2  
  48  4:15  Drone  
  52  4:18  Drone  
  52  4:19  Drone  
  52  4:21  Drone  
  55  4:25  Drone  
  55  4:26  Drone x2  
  55  4:28  Drone  
  59  4:31  Extractor x2  
  59  4:32  Extractor  
  59  4:33  Drone  
  59  4:34  Drone  
  59  4:36  Drone  
  59  4:38  Drone  
  60  4:42  Overlord  
  60  4:47  Drone  
  60  4:50  Roach Warren  
  60  4:53  Drone x2  
  60  4:54  Drone  
  60  4:55  Drone x2  
  60  4:56  Drone  
  60  4:58  Drone  
  60  4:59  Drone  
  62  5:01  Zergling x2  
  62  5:05  Drone x2  
  62  5:06  Drone x2  
  67  5:14  Zergling x2  
  67  5:15  Drone, Spire  
  67  5:17  Drone  
  67  5:19  Pneumatized Carapace  
  68  5:24  Baneling x2, Zergling x2  
  68  5:25  Zergling x4  
  68  5:28  Zergling x4  
  73  5:33  Overlord  
  73  5:37  Drone, Extractor  
  73  5:38  Drone x2  
  73  5:39  Baneling  
  73  5:46  Overlord x2  
  73  5:51  Extractor  
  73  5:52  Drone  
  73  5:55  Drone x2  
  73  5:56  Drone  
  75  5:57  Drone  
  75  5:58  Drone  
  75  5:59  Drone  
  75  6:01  Overlord  
  77  6:04  Overlord  
  77  6:06  Drone  
  78  6:13  Roach  
  78  6:16  Overlord, Roach  
  78  6:17  Roach x6  
  95  6:19  Roach  
  95  6:21  Roach  
  95  6:23  Roach  
  103  6:25  Roach  
  103  6:28  Roach  
  103  6:29  Roach  
  107  6:33  Roach x2  
  107  6:34  Roach  
  107  6:37  Roach  
  107  6:38  Roach  
Show
View Real Time Build Order
Export as new Build Order

Elazer Zerg - Winner!

Build Orders: Hatch First 

Get SALT Encoding   

  12  0:00  Drone  
  13  0:12  Overlord  
  13  0:17  Drone  
  14  0:30  Drone x2  
  16  0:49  Hatchery  
  15  0:52  Drone  
  15  0:55  Drone  
  17  0:59  Drone  
  18  1:09  Extractor  
  17  1:16  Spawning Pool  
  17  1:18  Drone  
  17  1:21  Drone  
  18  1:28  Drone  
  19  1:39  Drone  
  20  1:49  Drone  
  21  2:00  Overlord  
  21  2:02  Drone, Queen  
  21  2:03  Queen  
  26  2:10  Metabolic Boost  
  26  2:11  Drone  
  26  2:14  Zergling x2  
  28  2:23  Drone x2  
  30  2:32  Drone  
  30  2:33  Drone  
  32  2:41  Hatchery  
  31  2:44  Drone  
  31  2:46  Drone  
  33  2:51  Baneling Nest  
  33  2:57  Overlord  
  32  2:59  Drone  
  32  3:04  Drone  
  34  3:06  Drone  
  34  3:10  Drone  
  36  3:16  Drone x3  
  36  3:17  Queen  
  41  3:21  Overlord  
  41  3:23  Zergling x2  
  41  3:26  Zergling x2  
  43  3:28  Zergling x2  
  44  3:40  Drone x2  
  46  3:43  Drone x2  
  46  3:44  Drone x4  
  52  3:51  Baneling  
  52  3:52  Overlord  
  52  3:53  Lair  
  51  3:59  Zergling x2  
  51  4:00  Zergling x4  
  51  4:02  Drone  
  55  4:03  Extractor  
  55  4:04  Extractor  
  55  4:07  Drone, Evolution Chamber  
  53  4:12  Drone x2  
  55  4:17  Drone x2  
  55  4:18  Drone x2  
  55  4:22  Drone x2, Roach Warren  
  60  4:25  Drone x2  
  60  4:26  Drone  
  63  4:32  Zerg Missile Weapons Level 1  
  63  4:34  Drone x3  
  63  4:36  Baneling  
  63  4:38  Overlord  
  66  4:41  Baneling, Extractor  
  66  4:42  Overlord  
  65  4:46  Zergling x2  
  65  4:47  Overlord  
  66  4:55  Zergling x4  
  64  5:02  Glial Reconstitution, Overlord  
  64  5:04  Roach x3  
  70  5:08  Overlord  
  70  5:11  Roach x3  
  75  5:18  Roach x3  
  81  5:22  Overlord  
  81  5:24  Roach x2  
  85  5:28  Drone x2  
  85  5:29  Drone, Extractor  
  85  5:34  Roach x2  
  91  5:42  Roach x2  
  92  5:44  Nydus Network  
  92  5:47  Roach x2  
  95  5:54  Roach x4  
  100  6:00  Roach x2  
  100  6:02  Overlord  
  104  6:05  Roach  
  104  6:07  Roach  
  110  6:11  Roach x2  
  110  6:12  Roach  
  114  6:18  Overlord  
  114  6:20  Nydus Canal  
  114  6:21  Roach x2  
  114  6:24  Roach  
  120  6:27  Roach  
  120  6:31  Overlord  
  122  6:38  Roach x4  
  130  6:40  Nydus Canal  
Tags
 
Add a new tag
Caveats
  • Supply blocks, unpowered buildings, or Contaminate may cause inaccurate times.
  • Supply counts are checked every 10 seconds.